 Dungeon Crawl Stone Soup version 0.21.1-1-g345015f (webtiles) character file.

3371 Monsterracer the Martial Artist (level 10, -4/73 HPs)
             Began as a Human Venom Mage on Feb 8, 2018.
             Was an Elder of Okawaru.
             Killed from afar by Erica (15 damage)
             ... with an orb of energy
             ... on level 8 of the Dungeon.
             The game lasted 00:18:55 (10574 turns).

Monsterracer the Martial Artist (Human Venom Mage) Turns: 10574, Time: 00:18:56

Health: -4/73      AC: 17    Str: 11    XL:     10   Next: 23%
Magic:  22/22      EV:  4    Int: 16    God:    Okawaru [****..]
Gold:   354        SH:  9    Dex: 14    Spells: 13/13 levels left

rFire    + . .     SeeInvis .     - Unarmed
rCold    . . .     Gourm    .   g - +0 shield
rNeg     . . .     Faith    +   B - +3 chain mail {rF+}
rPois    +         Spirit   .   (no helmet)
rElec    .         Reflect  .   n - +1 cloak
rCorr    .         Harm     .   a - +2 pair of gloves
MR       .....                  (no boots)
Stlth    ..........             o - amulet of faith
HPRegen  0.22/turn              A - ring of poison resistance {!d}
MPRegen  0.18/turn              s - ring of magical power

@: no status effects
A: no striking features
a: Heroism, Renounce Religion


You were on level 8 of the Dungeon.
You worshipped Okawaru.
Okawaru was greatly pleased with you.
You were not hungry.

You visited 2 branches of the dungeon, and saw 9 of its levels.

You collected 354 gold pieces.

Inventory:

Armour
 a - a +2 pair of gloves (worn)
 g - a +0 shield (worn)
 n - a +1 cloak (worn)
 B - a +3 chain mail of fire resistance (worn)
Jewellery
 o - an amulet of faith (around neck)
 s - a ring of magical power (right hand)
 t - an uncursed amulet of regeneration {unknown}
 A - a ring of poison resistance (left hand) {!d}
 C - an uncursed ring of ice
Wands
 i - a wand of paralysis (13)
 k - a wand of digging (27)
 m - a wand of iceblast (7)
 z - a wand of polymorph (14)
Scrolls
 f - a scroll of magic mapping {!r}
 l - a scroll of blinking
 u - 2 scrolls of teleportation
 w - a scroll of fear {!r}
 x - a scroll of amnesia
Potions
 b - 2 potions of flight
 d - 4 potions of curing
 e - a potion of haste
 j - 2 potions of mutation {!q}
 p - 2 potions of might
 r - a potion of magic {unknown}
 v - a potion of cancellation {unknown}
Comestibles
 c - 8 rations
 h - 2 chunks of flesh


   Skills:
 + Level 4.5 Fighting
 + Level 3.6 Armour
 - Level 5.1 Dodging
 - Level 2.0 Stealth
 + Level 4.6 Shields
 * Level 9.3 Unarmed Combat
 - Level 2.0 Spellcasting
   Level 1.0 Conjurations
   Level 3.0 Poison Magic
 + Level 4.7 Invocations


You had 13 spell levels left.
You didn't know any spells.

Dungeon Overview and Level Annotations

Branches:
Dungeon (8/15)             Temple (1/1) D:4
   Lair: D:8-11

Altars:
Ashenzari
Cheibriados
Dithmenos
Elyvilon
Fedhas
Gozag
Hepliaklqana
Kikubaaqudgha
Makhleb
Nemelex Xobeh
Okawaru
Qazlal
Ru
Sif Muna
Trog
Uskayaw
Vehumet
Wu Jian
Xom
Yredelemnul
Zin
The Shining One

Shops:
D:4 (   D:5 %

Annotations:
D:8 Erica


Message History

You feel your magic capacity increase.
s - a ring of magical power (right hand)
A bullfrog comes into view.
You regained 3 hp, and now have 44/73 hp.
You regained 3 mp, and now have 16/22 mp.
A bullfrog is nearby!
A bullfrog is nearby!
You are too injured to fight recklessly!
You are too injured to fight recklessly!
You are too injured to fight recklessly!
The bullfrog croaks.
Found a copper wand.
The bullfrog hits you but does no damage.
You punch the bullfrog!
The bullfrog is moderately wounded.
The bullfrog hits you.
The bullfrog hits you but does no damage.
You take 2 damage, and have 43/73 hp.
You punch the bullfrog!
The bullfrog is severely wounded.
The bullfrog hits you.
Your shield and scale mail prevent you from hitting the bullfrog.
The bullfrog is severely wounded.
The bullfrog hits you but does no damage.
You punch the bullfrog!
You kill the bullfrog!
Okawaru accepts your kill. You block the bullfrog's attack.
You see here a bullfrog corpse.
You hit the bullfrog.
The bullfrog is lightly wounded.
The bullfrog barely misses you.
You punch the bullfrog!
The bullfrog is severely wounded.
The bullfrog hits you.
You take 4 damage, and have 39/73 hp.
You closely miss the bullfrog.
The bullfrog is severely wounded.
You block the bullfrog's attack. The bullfrog barely misses you.
You hit the bullfrog.
The bullfrog is almost dead.
You block the bullfrog's attack.
You closely miss the bullfrog.
The bullfrog is almost dead.
The bullfrog hits you. You block the bullfrog's attack.
You take 1 damage, and have 39/73 hp.
You hit the bullfrog but do no damage.
The bullfrog is almost dead.
The bullfrog hits you but does no damage.
You hit the bullfrog.
You kill the bullfrog!
Okawaru accepts your kill.
You see here a bullfrog corpse.
You butcher the bullfrog corpse.
h - 3 chunks of flesh Eat one of 3 chunks of flesh? (ye/n/q)
You eat one of the 3 chunks of flesh.
This raw flesh tastes terrible.
D - a scroll of remove curse
As you read the scroll of remove curse, it crumbles to dust.
You feel as if something is helping you.
Drop what? 29/52 slots (_ for help) (? for menu, Esc to quit)
Okay, then.
Wear which item? (? for menu, Esc to quit)
You start removing your armour.
You continue taking off your -1 scale mail. x4
The electric eel shoots out a bolt of lightning at you!
The bolt of electricity hits the plant.
The bolt of electricity hits you!
You hear a shout!
You finish taking off your -1 scale mail.
You take 2 damage, and have 40/73 hp.
Drop what? 29/52 slots (_ for help) (? for menu, Esc to quit)
Okay, then.
The electric eel shoots out a bolt of lightning at you!
The bolt of electricity hits you!
* * * LOW HITPOINT WARNING * * *
The electric eel shoots out a bolt of lightning at you!
The bolt of electricity hits the plant.
The bolt of electricity hits you!
* * * LOW HITPOINT WARNING * * *
You take 27 damage, and have 13/73 hp.
MASSIVE DAMAGE!!
MP restored: 22 The electric eel shoots out a bolt of lightning at you!
The bolt of electricity hits you!
* * * LOW HITPOINT WARNING * * *
You take 10 damage, and have 4/73 hp.
Wear which item? (? for menu, Esc to quit)
You start putting on your armour.
You continue putting on your runed chain mail. x4
You finish putting on your +3 chain mail of fire resistance.
You feel resistant to fire.
Drop what? 29/52 slots (_ for help) (? for menu, Esc to quit)
You drop a +2 leather armour of cold resistance.
You drop a -1 scale mail.
You start resting.
Erica the Fiery-Tempered comes into view.
She is wielding a scimitar of flaming.
You regained 4 hp, and now have 10/73 hp.
Erica is nearby!
You see here a bullfrog corpse.
Erica casts a spell at you. The orb of energy hits you!
You die...

≈≈≈≈;..#.........
;≈≈≈≈............#.
≈≈≈≈≈............/ .
##..........(....##.
#.........>....... #
.......@#####..# .
##....#....##..##########.#
#.##...............#...#.#
# #.####[†@.....#.......##.
... #####...............
.... #.##..).)..####. ....
#(..).)#...# ...
####÷<.#...# #...#...#
#...##### #...# #...#


You could see Erica.

Vanquished Creatures
  The ghost of baljet the Cleaver, a novice HOFi (D:7)
  Grinder (D:3)
  Sigmund (D:2)
  A hungry ghost (D:7)
  Edmund (D:6)
  Duvessa (D:5)
  A water moccasin (D:7)
  An ice beast (D:8)
  2 ogres (D:4)
  2 centaurs (D:7)
  2 big kobolds
  Blork the orc (D:6)
  6 bullfrogs
  A gnoll sergeant (D:6)
  Dowan (D:5)
  A wyvern skeleton (D:8)
  A scorpion (D:6)
  A howler monkey (D:6)
  2 crimson imps
  A jelly (D:6)
  Crazy Yiuf (D:2)
  An orc priest (D:3)
  3 hounds
  Terence (D:2)
  Jessica (D:2)
  Ijyb (D:3)
  An iguana (D:7)
  Natasha (thrice) (D:3)
  7 worker ants
  A hound zombie (D:5)
  The ghost of tidbits the Digger, a weakling GnEE (D:3)
  A hound skeleton (D:5)
  4 gnolls (D:6)
  A howler monkey zombie (D:5)
  8 adders
  2 shadow imps (D:5)
  An adder skeleton (D:6)
  An adder zombie (D:5)
  A worm (D:3)
  4 leopard geckos
  11 orcs
  3 giant cockroaches
  4 goblins
  10 hobgoblins
  12 jackals
  2 quokkas
  11 bats
  6 frilled lizards
  19 kobolds
  A leopard gecko zombie (D:5)
  11 rats
163 creatures vanquished.

Notes
Turn   | Place    | Note
-------+----------+-------------------------------------------
     0 | D:1      | Monsterracer the Human Venom Mage began the quest for the Orb.
     0 | D:1      | Reached XP level 1. HP: 13/13 MP: 3/3
   186 | D:1      | Reached skill level 1 in Unarmed Combat
   262 | D:1      | Reached XP level 2. HP: 19/19 MP: 3/5
   521 | D:1      | Learned a level 2 spell: Poisonous Vapours
   558 | D:1      | Reached skill level 2 in Unarmed Combat
   810 | D:1      | Reached XP level 3. HP: 22/24 MP: 3/6
  1432 | D:2      | Noticed Jessica
  1441 | D:2      | Killed Jessica
  1441 | D:2      | Reached skill level 3 in Unarmed Combat
  1441 | D:2      | Reached XP level 4. HP: 19/30 MP: 0/7
  1452 | D:2      | HP: 14/30 [hobgoblin/club (4)]
  1476 | D:2      | HP: 10/30 [frilled lizard (1)]
  1737 | D:2      | Found a shattered altar of Ashenzari.
  1901 | D:2      | Reached skill level 4 in Unarmed Combat
  2222 | D:2      | Noticed Terence
  2224 | D:2      | Reached XP level 5. HP: 35/35 MP: 8/8
  2233 | D:2      | Killed Terence
  2288 | D:2      | Found a stormy altar of Qazlal.
  2317 | D:2      | HP: 15/35 [jackal (3)]
  2323 | D:2      | HP: 7/35 [jackal (2)]
  2586 | D:2      | Noticed Sigmund
  2599 | D:2      | HP: 16/35 [Sigmund/scythe (6)]
  2601 | D:2      | Killed Sigmund
  2601 | D:2      | Reached skill level 6 in Unarmed Combat
  2601 | D:2      | Reached XP level 6. HP: 19/41 MP: 1/9
  2822 | D:2      | Found a runed door.
  3068 | D:2      | Noticed Crazy Yiuf
  3076 | D:2      | Killed Crazy Yiuf
  3278 | D:3      | Noticed tidbits's ghost (weakling GnEE)
  3296 | D:3      | HP: 11/41 [tidbits's ghost/blast of sand (11)]
  3302 | D:3      | HP: 2/41 [tidbits's ghost/blast of sand (10)]
  3646 | D:3      | Killed tidbits's ghost
  3788 | D:3      | Noticed Natasha
  3799 | D:3      | Killed Natasha
  3799 | D:3      | Reached XP level 7. HP: 47/47 MP: 7/10
  3840 | D:3      | Found a hide-covered altar of Uskayaw.
  3863 | D:3      | Noticed Ijyb
  3877 | D:3      | HP: 20/47 [orc/club (8)]
  3880 | D:3      | HP: 8/47 [orc/club (5)]
  3898 | D:3      | HP: 8/47 [orc/hand axe (3)]
  3903 | D:3      | Killed Ijyb
  3903 | D:3      | Reached skill level 1 in Fighting
  3903 | D:3      | Reached skill level 1 in Shields
  3927 | D:3      | Noticed Natasha
  3932 | D:3      | HP: 7/48 [rat (2)]
  3939 | D:4      | Found a staircase to the Ecumenical Temple.
  3949 | Temple   | Entered the Ecumenical Temple
  4005 | Temple   | Became a worshipper of Warmaster Okawaru
  4193 | D:3      | Killed Natasha
  4242 | D:3      | Noticed Natasha
  4251 | D:3      | HP: 23/48 [Natasha (3)]
  4257 | D:3      | HP: 16/48 [poisoned by an adder]
  4257 | D:3      | Killed Natasha
  4262 | D:3      | HP: 15/48 [poisoned by an adder]
  4269 | D:3      | HP: 14/48 [poisoned by an adder]
  4277 | D:3      | HP: 14/48 [poisoned by an adder]
  4554 | D:3      | HP: 24/48 [orc (1)]
  4559 | D:3      | HP: 14/48 [orc (3)]
  4562 | D:3      | HP: 6/48 [orc (5)]
  4570 | D:3      | HP: 6/48 [orc (1)]
  5008 | D:3      | Found a glowing silver altar of Zin.
  5144 | D:4      | HP: 16/48 [ogre/giant club (23)]
  5145 | D:4      | Reached skill level 1 in Invocations
  5358 | D:4      | Found Avotwev's Weapon Shoppe.
  5560 | D:4      | Reached XP level 8. HP: 56/56 MP: 9/11
  5662 | D:4      | Noticed Grinder
  5663 | D:4      | Paralysed by Grinder for 2 turns
  5684 | D:4      | HP: 22/56 [Grinder/nerve-wracking pain (14)]
  5712 | D:4      | Paralysed by Grinder for 3 turns
  5892 | D:3      | Paralysed by Grinder for 7 turns
  5902 | D:3      | Killed Grinder
  5902 | D:3      | Reached * piety under Okawaru
  5902 | D:3      | Reached skill level 7 in Unarmed Combat
  6431 | D:4      | Found a blossoming altar of Fedhas.
  6526 | D:5      | Entered Level 5 of the Dungeon
  6698 | D:5      | Found a white marble altar of Elyvilon.
  6834 | D:5      | Noticed Dowan
  6836 | D:5      | Noticed Duvessa
  7041 | D:5      | Found Istruhues's Food Emporium.
  7211 | D:5      | Killed Duvessa
  7226 | D:5      | Killed Dowan
  7733 | D:6      | Noticed Blork the orc
  7744 | D:6      | Killed Blork the orc
  7744 | D:6      | Reached ** piety under Okawaru
  7744 | D:6      | Reached skill level 1 in Armour
  7961 | D:6      | HP: 27/57 [gnoll sergeant/spear (7)]
  7969 | D:6      | HP: 20/57 [gnoll/spear (3)]
  7974 | D:6      | HP: 16/57 [gnoll/spear (5)]
  8211 | D:6      | Noticed Edmund
  8227 | D:6      | Killed Edmund
  8227 | D:6      | Reached XP level 9. HP: 63/63 MP: 12/12
  8243 | D:6      | Reached skill level 8 in Unarmed Combat
  8593 | D:6      | Found a bloodstained altar of Trog.
  9100 | D:6      | Found an ancient bone altar of Kikubaaqudgha.
  9410 | D:7      | Reached *** piety under Okawaru
  9608 | D:7      | Noticed baljet's ghost (novice HOFi)
  9839 | D:7      | Killed baljet's ghost
  9839 | D:7      | Reached **** piety under Okawaru
  9839 | D:7      | Reached XP level 10. HP: 41/72 MP: 13/13
 10184 | D:7      | Reached skill level 9 in Unarmed Combat
 10245 | D:7      | Reached skill level 5 in Dodging
 10330 | D:8      | HP: 29/73 [wyvern skeleton (8)]
 10332 | D:8      | HP: 11/73 [wyvern skeleton (9)]
 10541 | D:8      | HP: 27/73 [electric eel/bolt of electricity (13)]
 10541 | D:8      | HP: 13/73 [electric eel/bolt of electricity (14)]
 10543 | D:8      | HP: 4/73 [electric eel/bolt of electricity (10)]
 10573 | D:8      | Noticed Erica
 10574 | D:8      | Killed from afar by Erica

Skill      XL: |  1  2  3  4  5  6  7  8  9 10 |
---------------+-------------------------------+-----
Unarmed Combat | 1 2 3 4 6 7 8 9 |  9.3
Fighting       | 1 3 4 |  4.5
Shields        | 1 3 4 |  4.6
Invocations    | 1 3 4 |  4.7
Dodging        | 3 4 5 |  5.1
Armour         | 1 3 |  3.6
Stealth        | |  2.0
Spellcasting   | |  2.0
Conjurations   | |  1.0
Poison Magic   | |  3.0

Action                   |  1- 3 |  4- 6 |  7- 9 | 10-12 || total
-------------------------+-------+-------+-------+-------++-------
Melee: Unarmed           |    44 |   119 |   500 |    83 ||   746
       Spear             |     3 |       |       |       ||     3
       Punch             |       |       |     2 |       ||     2
 Cast: Sting             |    39 |     7 |       |       ||    46
       Poisonous Vapours |     2 |    18 |    34 |       ||    54
Invok: Heroism           |       |       |     4 |     1 ||     5
  Use: Scroll            |       |     3 |    14 |     1 ||    18
       Potion            |       |       |       |     1 ||     1
 Stab: Sleeping          |     3 |     1 |     1 |       ||     5
  Eat: Chunk             |     2 |     7 |    22 |     3 ||    34
       Ration            |       |     1 |     1 |       ||     2
Armor: Robe              |    18 |     5 |       |       ||    23
       Leather armour    |       |       |    69 |       ||    69
       Scale mail        |       |       |    73 |    35 ||   108
Dodge: Dodged            |    44 |   101 |   216 |    28 ||   389
Block: Shield            |       |       |   120 |    48 ||   168

Vault maps used:
D:1:      minmay_arrival_four_loops
D:2:      nicolae_qazlal_general_emergency, evilmike_ruin_ashenzari,
          uniq_jessica, uniq_crazy_yiuf_cottage, uniq_terence, uniq_sigmund
D:3:      lemuel_crystal_altar, overflow_temple_1_default,
          kennysheep_generic_room_11, uniq_natasha, uniq_ijyb
D:4:      fedhas_altar_1, minmay_temple_entry_glassed_door, serial_shops,
          nicolae_shop_temple_entry_statues_fountains, st_stairs_13,
          uniq_grinder
D:5:      elyvilon_altar_3, first_ration, serial_shops, shop,
          minmay_misc_feat_roman, uniq_duvessa
D:6:      lightli_temple_of_fire, kennysheep_little_box,
          hangedman_decor_peaks_small, uniq_blork_the_orc, uniq_edmund
D:8:      serial_bayou, serial_bayou_shore_a, serial_bayou_pond_a,
          serial_bayou_shore_b, serial_bayou_ford_a, uniq_erica, uniq_grum
Temple:   regret_index_temple_waves
